 Dungeon Crawl Stone Soup version 0.30-a0-49-g1cef19eb02 (webtiles) character file.

Game seed: 3470683506362568410

429 coolguy4201 the Conjurer (level 6, 0/30 (32) HPs)
             Began as a Deep Elf Conjurer on Sept 3, 2022.
             Was an Initiate of Vehumet.
             Slain by a wight
             ... wielding a +0 mace
              (8 damage)
             ... on level 5 of the Dungeon.
             The game lasted 00:10:47 (5246 turns).

coolguy4201 the Conjurer (Deep Elf Conjurer)        Turns: 5246, Time: 00:10:47

HP:   0/30 (32)     AC:  2    Str:  4    XL:     6   Next: 66%
MP:   9/17          EV: 13    Int: 25    God:    Vehumet [......]
Gold: 152           SH:  0    Dex: 13    Spells: 14/17 levels left

rFire   . . .      SeeInvis .    (no weapon)
rCold   . . .      Faith    .    (no shield)
rNeg    . . .      Spirit   .    a - +0 robe
rPois   .          Reflect  .    (no helmet)
rElec   .          Harm     .    (no cloak)
rCorr   .          Rampage  .    (no gloves)
Will    .....                    (no boots)
Stlth   +++.......               (no amulet)
HPRegen 0.10/turn                j - ring of flight
MPRegen 0.15/turn                (no ring)

@: about to teleport, flying, drained
A: no striking features
a: Renounce Religion


You were on level 5 of the Dungeon.
You worshipped Vehumet.
Vehumet was noncommittal.
You visited 2 branches of the dungeon, and saw 6 of its levels.

You collected 152 gold pieces.

Inventory:

Armour
 a - a +0 robe (worn)
Jewellery
 c - a ring of magical power
 j - a ring of flight (left hand)
Scrolls
 e - 2 scrolls of magic mapping {unknown}
 f - 2 scrolls of teleportation
 g - a scroll of poison {unknown}
 i - 2 scrolls of immolation
 k - a scroll of torment
 l - a scroll of amnesia {unknown}
 q - a scroll of brand weapon {unknown}
Potions
 b - a potion of magic
 d - 2 potions of lignification {unknown}
 h - a potion of curing {unknown}
 m - 2 potions of might
 n - 2 potions of degeneration {unknown}
 o - a potion of ambrosia {unknown}
 p - 2 potions of haste {unknown}
 r - a potion of invisibility {unknown}


   Skills:
 + Level 0.1 Fighting
 + Level 3.2 Dodging
 + Level 4.2 Stealth
 + Level 6.3 Spellcasting
 + Level 6.4 Conjurations


You had 14 spell levels left.
You knew the following spells:

 Your Spells              Type           Power      Damage    Failure   Level
a - Magic Dart            Conj           100%       1d8       1%          1
b - Searing Ray           Conj           80%        2d7       1%          2

Your spell library contained the following spells:

 Spells                   Type           Power      Damage    Failure   Level
 Dazzling Flash           Conj/Hex       48%        N/A       6%          3
 Apportation              Tloc           14%        N/A       7%          1
 Necrotise                Necr           28%        1d5       7%          1
 Summon Small Mammal      Summ           28%        N/A       7%          1
 Fulminant Prism          Conj/Hex       12%        3d9       19%         4
 Iskenderun's Mystic Bla  Conj/Tloc      24%        2d7       19%         4
 Call Canine Familiar     Summ           7%         N/A       22%         3
 Portal Projectile        Hex/Tloc       14%        N/A       22%         3
 Summon Guardian Golem    Hex/Summ       7%         N/A       22%         3
 Leda's Liquefaction      Hex/Erth       3%         N/A       56%         4


Dungeon Overview and Level Annotations

Branches:
Dungeon (5/15)             Temple (1/1) D:5

Altars:
Ashenzari
Cheibriados
Dithmenos
Elyvilon
Hepliaklqana
Makhleb
Nemelex Xobeh
Okawaru
Vehumet
Wu Jian
Xom
Zin

Annotations:
D:3 2 transporters, LnG's ghost, amateur HOFi
D:5 3 runed translucent doors, LnG's ghost, novice HOFi


Message History

Your Spellcasting skill increases to level 6!
There is an open door here.
Things that are here:
a +2 dire flail; a +0 robe A wight is nearby!
Things that are here:
a +0 great sword; a +0 robe A wight comes into view.
It is wielding a +0 mace.
The searing ray hits the wight!
The wight is heavily damaged. (Press . to maintain the ray.)
The searing ray hits the wight.
The wight is severely damaged.
The wight hits you with a +3 falchion.
You feel drained.
The searing ray hits the wight!
You destroy the wight!
Vehumet accepts your kill.
A wight comes into view. It is wielding a +4 war axe.
Your life force feels restored.
The searing ray misses the wight. (Press . to maintain the ray.)
The searing ray hits the wight.
The wight is moderately damaged.
The wight hits you with a +0 mace.
You feel drained.
The searing ray hits the wight.
The wight is heavily damaged.
The searing ray hits the wight!
The wight is severely damaged.
The wight closely misses you.
The searing ray hits the wight.
The wight is severely damaged.
You finish channelling your searing ray.
The wight hits you with a +4 war axe! The wight hits you with a +0 mace.
You feel drained.
* * * LOW HITPOINT WARNING * * *
As you read the scroll of teleportation, it crumbles to dust.
You feel strangely unstable. The wight misses you. x2
The wight attacks as you move away! The wight closely misses you.
The wight hits you with a +0 mace!
You die...

.⌠#####..####.##.##.##.#
#### #..####.#...#.#
.### #.............# .#
#########...#... .#
##.##### .. #.# ## #.#
##)## ##.@.## ##..zz.##
#.......## ##....)..#
##.!....+ ##......#
##...!.# ##....# ##...#


You could see 2 wights.

Vanquished Creatures
  3 wights (D:5)
  An orc priest (D:5)
  A hound (D:5)
  A jelly (D:5)
  9 adders
  A river rat (D:3)
  2 ufetubi
  A worm (D:3)
  8 orcs
  2 bats
  3 endoplasms (D:1)
  4 giant cockroaches
  4 goblins
  5 hobgoblins
  2 jackals (D:5)
  7 quokkas
  4 ball pythons
  A frilled lizard (D:1)
  9 kobolds
  6 rats
74 creatures vanquished.

Vanquished Creatures (others)
  A plant (D:3)
1 creature vanquished.

Grand Total: 75 creatures vanquished

Notes
Turn   | Place    | Note
-------+----------+-------------------------------------------
     0 | D:1      | coolguy4201 the Deep Elf Conjurer began the quest for the
                  | Orb.
     0 | D:1      | Reached XP level 1. HP: 10/10 MP: 6/6
   201 | D:1      | Reached XP level 2. HP: 15/15 MP: 2/8
   525 | D:1      | Found a faded altar of an unknown god.
   886 | D:2      | Reached skill level 5 in Conjurations
  1251 | D:2      | Reached XP level 3. HP: 19/19 MP: 7/9
  2064 | D:3      | Found a transporter.
  2065 | D:3      | Noticed LnG's ghost (amateur HOFi)
  2070 | D:3      | Found a transporter.
  2070 | D:3      | Identified the +5 giant club of Biavid {vorpal, rF+ rC+}
  2070 | D:3      | Noticed an ogre
  2234 | D:3      | Learned a level 2 spell: Searing Ray
  2279 | D:3      | Found a burning altar of Makhleb.
  2477 | D:3      | Reached XP level 4. HP: 24/24 MP: 8/11
  3482 | D:4      | Reached XP level 5. HP: 28/28 MP: 6/13
  3763 | D:4      | Identified the +4 ring mail "Atihun" {Dex+2}
  3891 | D:4      | Identified the +4 scale mail "Wizinuwk" {Rampage rF+ rCorr}
  4159 | D:5      | Entered Level 5 of the Dungeon
  4197 | D:5      | Found a runed translucent gate.
  4197 | D:5      | Found a runed translucent gate.
  4197 | D:5      | Found a runed translucent gate.
  4400 | D:5      | Reached skill level 5 in Spellcasting
  4411 | D:5      | Noticed LnG's ghost (novice HOFi)
  4504 | D:5      | Found a staircase to the Ecumenical Temple.
  4530 | Temple   | Entered the Ecumenical Temple
  4712 | Temple   | Became a worshipper of Vehumet
  4895 | D:5      | Reached XP level 6. HP: 30/32 MP: 11/16
  5246 | D:5      | Slain by a wight

Illustrated notes

Levels and vault maps discovered:
D:1:      matt_arrival_spirals, layout_basic, hellmonk_ecumenical_altar_zigzags
D:2:      layout_loops_ring
D:3:      minmay_evil_eye, layout_loops_cross, bloody_makhleb,
          gup_sewer_entry_spiral, gammafunk_ghost_smash, serial_bayou_pond_a
D:4:      layout_basic, minmay_puff
D:5:      layout_loops_corners, temple_doors_e, gammafunk_ghost_icy,
          nrook_mini_backslash
Temple:   mainiacjoe_temple_cubbyholes

Skill      XL: |  1  2  3  4  5  6 |
---------------+-------------------+-----
Conjurations   | 5 6 |  6.4
Stealth        | 3 4 |  4.2
Spellcasting   | 4 5 6 |  6.3
Dodging        | 3 |  3.2
Fighting       | |  0.1

Action                   |  1- 3 |  4- 6 || total
-------------------------+-------+-------++-------
 Cast: Magic Dart        |    66 |       ||    66
       Searing Ray       |     5 |    36 ||    41
  Use: Potion            |     1 |     1 ||     2
       Scroll            |       |     6 ||     6
Armor: Robe              |     2 |     3 ||     5
Dodge: Dodged            |     5 |    17 ||    22

Table legend: (Time is in decaauts)
 A = Elapsed time spent in this place.
 B = Non-inter-level travel time spent in this place.
 C = Inter-level travel time spent in this place.
 D = Time resting spent in this place.
 E = Time spent auto-exploring this place.
 F = Levels seen in this place.
 G = Mean time per level.
                   A        B        C        D        E       F      G
               +--------+--------+--------+--------+--------+-----+--------+
         Total |   5244 |   4838 |    406 |      0 |   4349 |   6 |  874.0 |
       Dungeon |   4962 |   4654 |    308 |      0 |   4191 |   5 |  992.4 |
        Temple |    281 |    183 |     98 |      0 |    158 |   1 |  281.0 |
               +--------+--------+--------+--------+--------+-----+--------+

Top non-repeatable levels by time:
     D:3: 1515 daAuts
     D:2: 1013 daAuts
     D:1: 880 daAuts
     D:5: 805 daAuts
     D:4: 748 daAuts
  Temple: 281 daAuts
